[Event "2024 Perth Chess Club Championship (Closed)"]
[Site "Woodvale, Perth WA AUS"]
[Date "2024.04.10"]
[Round "1"]
[White "Gibson, Jacob"]
[Black "Elkington, Derek"]
[Result "1-0"]
[ECO "B40"]
[WhiteElo "1976"]
[BlackElo "1896"]
[PlyCount "78"]
[EventDate "2024.04.10"]
[EventType "tourn"]
[EventRounds "7"]
[EventCountry "AUS"]
[TimeControl "5400+30"]

1. e4 c5 2. Nf3 e6 3. d4 cxd4 4. Nxd4 Qb6 5. Be3 Bc5 6. b4 Qxb4+ 7. c3 Qb6 8.
Nd2 a6 9. Qg4 g6 10. Qg3 Qa7 11. Nc4 b5 12. Nd6+ Bxd6 13. Qxd6 Qb7 14. Be2 Nc6
15. Rd1 f6 16. f4 Nge7 17. Bf3 Qb8 18. Qc5 Bb7 19. O-O Qc7 20. f5 e5 21. Nc2
O-O-O 22. a4 d6 23. Qa3 Na5 24. Bf2 Nc4 25. Qb4 gxf5 26. axb5 axb5 27. Qxb5
fxe4 28. Be2 d5 29. Ne3 Nd6 30. Qb3 Qc6 31. Ra1 f5 32. Bh4 Rd7 33. Bf6 Rg8 34.
Bxe5 Ng6 35. Bd4 Rf7 36. c4 Nh4 37. cxd5 Qd7 38. Qb6 Rxg2+ 39. Nxg2 Qc7 1-0

[Event "2024 Perth Chess Club Championship (Closed)"]
[Site "Woodvale, Perth WA AUS"]
[Date "2024.04.10"]
[Round "1"]
[White "Plaganyi, Gyula"]
[Black "Maris, Rob"]
[Result "1/2-1/2"]
[ECO "A36"]
[WhiteElo "2053"]
[WhiteTitle "CM"]
[BlackElo "2088"]
[PlyCount "36"]
[EventDate "2024.04.10"]
[EventType "tourn"]
[EventRounds "7"]
[EventCountry "AUS"]
[TimeControl "5400+30"]

1. e4 c5 2. c4 Nc6 3. Nc3 g6 4. g3 Bg7 5. Bg2 e6 6. Nge2 Nge7 7. d3 a6 8. O-O
O-O 9. f4 d6 10. Be3 Nd4 11. Qd2 Rb8 12. Bf2 Nec6 13. Nxd4 Nxd4 14. Ne2 Nxe2+
15. Qxe2 b5 16. Rab1 Bb7 17. b3 Qc7 18. Rfd1 e5 1/2-1/2

[Event "2024 Perth Chess Club Championship (Closed)"]
[Site "Woodvale, Perth WA AUS"]
[Date "2024.04.10"]
[Round "1"]
[White "Wolstencroft, Alan"]
[Black "Spirin, Victor"]
[Result "0-1"]
[ECO "C43"]
[WhiteElo "1900"]
[BlackElo "2204"]
[PlyCount "90"]
[EventDate "2024.04.10"]
[EventType "tourn"]
[EventRounds "7"]
[EventCountry "AUS"]
[TimeControl "5400+30"]

1. e4 e5 2. Nf3 Nf6 3. d4 Nxe4 4. Bd3 d5 5. dxe5 Be7 6. Nbd2 Nc5 7. Nb3 Nxd3+
8. Qxd3 O-O 9. O-O c5 10. Qe2 Nc6 11. Bf4 Bg4 12. h3 Bh5 13. c3 Qd7 14. Rad1
Rad8 15. Rd2 Qf5 16. Bh2 Qe4 17. g4 Bg6 18. Re1 Qa4 19. Bg3 Qxa2 20. Nc1 Qc4
21. Nh2 b5 22. f4 Qxe2 23. Rdxe2 Bb1 24. Nf3 d4 25. Nd2 Bc2 26. Ne4 Bxe4 27.
Rxe4 d3 28. Rd1 c4 29. Bf2 a5 30. b3 d2 31. bxc4 dxc1=Q 32. Rxc1 b4 33. cxb4
axb4 34. Bb6 Rd3 35. Kg2 Ra8 36. f5 Ra2+ 37. Kg1 Rg3+ 38. Kh1 Rxh3+ 39. Kg1 b3
40. f6 gxf6 41. e6 b2 42. exf7+ Kxf7 43. Rb1 Ra1 44. Ree1 Rxb1 45. Rxb1 Rb3 0-1

[Event "2024 Perth Chess Club Championship (Closed)"]
[Site "Woodvale, Perth WA AUS"]
[Date "2024.04.10"]
[Round "1"]
[White "Clarke, Daniel"]
[Black "Saxon, Marc"]
[Result "1-0"]
[ECO "B35"]
[WhiteElo "1922"]
[BlackElo "2033"]
[PlyCount "79"]
[EventDate "2024.04.10"]
[EventType "tourn"]
[EventRounds "7"]
[EventCountry "AUS"]
[TimeControl "5400+30"]

1. e4 c5 2. Nf3 Nc6 3. d4 cxd4 4. Nxd4 g6 5. Be3 Bg7 6. Nc3 Nf6 7. Bc4 O-O 8.
Bb3 a5 9. O-O a4 10. Nxa4 Nxe4 11. Nb5 e6 12. f3 Qa5 13. c4 d5 14. Bb6 Qb4 15.
a3 Qxb3 16. Qxb3 Nd2 17. Qc2 Nxf1 18. Rxf1 Bd7 19. Bc5 Rfc8 20. Nb6 Ne5 21.
Nxa8 Rxc5 22. Nd6 Rc6 23. c5 Bf8 24. Qe2 Bxd6 25. cxd6 Nc4 26. Rc1 Rxd6 27.
Rxc4 dxc4 28. Qxc4 Rd1+ 29. Kf2 Rd2+ 30. Kg3 Bc6 31. b4 g5 32. Nb6 h5 33. h4 g4
34. Qc5 f5 35. Qe3 f4+ 36. Qxf4 Rd3 37. Qg5+ Kf7 38. Qxh5+ Kf6 39. Qh6+ Ke5 40.
Qf4# 1-0

[Event "2024 Perth Chess Club Championship (Reserves)"]
[Site "Woodvale, Perth WA AUS"]
[Date "2024.04.10"]
[Round "1"]
[White "Leech, Martin"]
[Black "De Yaak, Peter"]
[Result "0-1"]
[ECO "B33"]
[WhiteElo "1546"]
[BlackElo "1896"]
[PlyCount "78"]
[EventDate "2024.04.10"]
[EventType "swiss"]
[EventRounds "7"]
[EventCountry "AUS"]
[TimeControl "3600+30"]

1. e4 c5 2. Nf3 Nc6 3. d4 cxd4 4. Nxd4 e5 5. Nb5 d6 6. N1c3 Nf6 7. Bd3 a6 8.
Na3 Be6 9. Bg5 Be7 10. Nc4 b5 11. Ne3 h6 12. Bxf6 Bxf6 13. O-O Ne7 14. Be2 Bg5
15. Ned5 Bxd5 16. Nxd5 O-O 17. Qd3 Nxd5 18. Qxd5 Qb6 19. Rad1 Be7 20. c3 Rac8
21. Kh1 Rc5 22. Qd3 Rd8 23. f4 exf4 24. Rxf4 Bf6 25. Qf3 Re8 26. Bd3 Re6 27.
Rf1 Qc7 28. Qg4 Rg5 29. Qf3 Qc6 30. h4 Rge5 31. Qg4 Kf8 32. Rd1 d5 33. Re1 Qd6
34. Re2 dxe4 35. Bxe4 Qd1+ 36. Kh2 Bxh4 37. Qf3 Bf6 38. Re3 Qxf3 39. gxf3 Bg5
0-1

[Event "2024 Perth Chess Club Championship (Reserves)"]
[Site "Woodvale, Perth WA AUS"]
[Date "2024.04.10"]
[Round "1"]
[White "Gough, Dylan"]
[Black "Weijermars, Tristan"]
[Result "0-1"]
[ECO "D35"]
[WhiteElo "1784"]
[BlackElo "1514"]
[PlyCount "88"]
[EventDate "2024.04.10"]
[EventType "swiss"]
[EventRounds "7"]
[EventCountry "AUS"]
[TimeControl "3600+30"]

1. d4 d5 2. c4 e6 3. Nc3 Nf6 4. Nf3 Nbd7 5. cxd5 exd5 6. a3 Bd6 7. Bg5 c6 8. e3
O-O 9. Bd3 Qc7 10. Rc1 h6 11. Bxf6 Nxf6 12. Nb5 Qe7 13. Nxd6 Qxd6 14. O-O Bg4
15. h3 Bxf3 16. Qxf3 Rae8 17. Rfe1 Re7 18. Qd1 Rfe8 19. Qc2 Ne4 20. Bxe4 Rxe4
21. Qc5 Qxc5 22. Rxc5 Rxd4 23. b4 Rc4 24. Rxc4 dxc4 25. Rd1 Re7 26. Rd8+ Kh7
27. Kf1 Kg6 28. Ke2 Kf6 29. Rd4 b5 30. Rd6+ {(=)} Re6 31. Rd7 g5 32. Kd2 a6 33.
Ra7 Rd6+ 34. Kc2 Ke6 35. Rxa6 c5 36. Rxd6+ Kxd6 37. bxc5+ Kxc5 38. Kc3 Kd5 39.
f3 f5 40. g3 h5 41. f4 g4 42. hxg4 hxg4 43. Kd2 Ke4 44. Ke2 c3 0-1

[Event "2024 Perth Chess Club Championship (Reserves)"]
[Site "Woodvale, Perth WA AUS"]
[Date "2024.04.10"]
[Round "1"]
[White "Boswarva, Ernest"]
[Black "Roebuck, Derek"]
[Result "1/2-1/2"]
[ECO "D06"]
[WhiteElo "1497"]
[BlackElo "1781"]
[PlyCount "32"]
[EventDate "2024.04.10"]
[EventType "swiss"]
[EventRounds "7"]
[EventCountry "AUS"]
[TimeControl "3600+30"]

1. d4 d5 2. e3 Bf5 3. c4 e6 4. Qb3 Nc6 5. Nc3 Nb4 6. e4 dxe4 7. Be3 Nf6 8. h3
Be7 9. a3 Nd3+ 10. Bxd3 exd3 11. Nf3 Ne4 12. Nxe4 Bxe4 13. O-O-O O-O 14. Rhg1
Bf6 15. Nd2 Bg6 16. Nf3 c6 1/2-1/2

[Event "2024 Perth Chess Club Championship (Reserves)"]
[Site "Woodvale, Perth WA AUS"]
[Date "2024.04.10"]
[Round "1"]
[White "Leonhardt, Wolfgang"]
[Black "Knight, Charles"]
[Result "0-1"]
[ECO "B06"]
[WhiteElo "1767"]
[BlackElo "1474"]
[PlyCount "134"]
[EventDate "2024.04.10"]
[EventType "swiss"]
[EventRounds "7"]
[EventCountry "AUS"]
[TimeControl "3600+30"]

1. d4 g6 2. e4 Bg7 3. Nf3 d6 4. Nc3 Nd7 5. Bc4 Nb6 6. Bd3 Nf6 7. h3 O-O 8. Be3
c6 9. Qe2 Re8 10. O-O-O Nbd7 11. Qd2 e5 12. dxe5 Nxe5 13. Nxe5 dxe5 14. f4 exf4
15. Bxf4 Be6 16. Rhf1 Qa5 17. a3 Rad8 18. Bg5 Qe5 19. Bf4 Nxe4 20. Qe3 Qc5 21.
Qxc5 Nxc5 22. Bg5 Nxd3+ 23. cxd3 Rd7 24. g4 Bb3 25. Rd2 Re5 26. Ne4 Red5 27.
Rf3 a5 28. Bf6 Bf8 29. Nc3 Rc5 30. g5 b5 31. Rf4 Bd6 32. Re4 Be6 33. Kb1 Rf5
34. Kc2 Be7 35. Bxe7 Rxe7 36. h4 a4 37. Ne2 Bb3+ 38. Kc3 Rxe4 39. dxe4 Rf3+ 40.
Kd4 Rh3 41. Kc5 Rxh4 42. Nc3 Kg7 43. Kxc6 Bc4 44. Rg2 Rf4 45. Rg3 Rf2 46. e5
Rxb2 47. Kc5 Rb3 48. Kd4 Rxa3 49. Rg1 Be6 50. Nxb5 Rb3 51. Nd6 Rf3 52. Ne8+ Kf8
53. Nf6 a3 54. Nxh7+ Ke7 55. Nf6 a2 56. Nd5+ Kd8 57. Nc3 Rf2 58. Ke3 Rb2 59.
Ra1 Rg2 60. Kf4 Rc2 61. Nb5 Rb2 62. Nd4 Bd5 63. Ke3 Rb1 64. Nc2 Ke7 65. Kd4 Ke6
66. Kc3 Kxe5 67. Kd2 Kf4 0-1

[Event "2024 Perth Chess Club Championship (Reserves)"]
[Site "Woodvale, Perth WA AUS"]
[Date "2024.04.10"]
[Round "1"]
[White "Nauom, Rafik"]
[Black "Rafiei Darani, Daryoush"]
[Result "0-1"]
[ECO "D00"]
[WhiteElo "1444"]
[BlackElo "1742"]
[PlyCount "62"]
[EventDate "2024.04.10"]
[EventType "swiss"]
[EventRounds "7"]
[EventCountry "AUS"]
[TimeControl "3600+30"]

1. d4 Nf6 2. Nc3 d5 3. Bf4 Bf5 4. Nb5 Na6 5. Nc3 e6 6. a3 c5 7. Nf3 Nc7 8. e3
Nh5 9. Be5 Nf6 10. Bb5+ Nxb5 11. Nxb5 Qa5+ 12. Nc3 Ne4 13. dxc5 f6 14. b4 Qa6
15. Nxe4 dxe4 16. Nh4 fxe5 17. Qh5+ g6 18. Qd1 Qc4 19. c3 Qxc3+ 20. Ke2 Rd8 21.
Qa4+ Kf7 22. Rad1 Bg4+ 23. f3 exf3+ 24. gxf3 Be7 25. fxg4 Qc4+ 26. Kf3 Bxh4 27.
Rd7+ Kf6 28. Rhd1 e4+ 29. Kg2 Qe2+ 30. Kh1 Qf3+ 31. Kg1 Bf2+ 0-1

[Event "2024 Perth Chess Club Championship (Reserves)"]
[Site "Woodvale, Perth WA AUS"]
[Date "2024.04.10"]
[Round "1"]
[White "Deng, Eric"]
[Black "Walker, Colin"]
[Result "1-0"]
[ECO "D02"]
[WhiteElo "1733"]
[BlackElo "1429"]
[PlyCount "49"]
[EventDate "2024.04.10"]
[EventType "swiss"]
[EventRounds "7"]
[EventCountry "AUS"]
[TimeControl "3600+30"]

1. Nf3 d5 2. d4 Nf6 3. g3 Nc6 4. Bg2 Bf5 5. O-O h6 6. c3 e6 7. Nbd2 Bd6 8. Re1
O-O 9. b3 Ne4 10. Bb2 Nxd2 11. Nxd2 Ne7 12. e4 dxe4 13. Nxe4 c6 14. Qe2 Bg6 15.
Rad1 Nd5 16. c4 Nf6 17. Nxf6+ Qxf6 18. d5 Qf5 19. dxc6 Bb4 20. cxb7 Rab8 21.
Rf1 Qc2 22. Qxc2 Bxc2 23. Rc1 Bd3 24. Rfd1 Bf5 25. Be5 1-0

[Event "2024 Perth Chess Club Championship (Reserves)"]
[Site "Woodvale, Perth WA AUS"]
[Date "2024.04.10"]
[Round "1"]
[White "Oswald, Franz"]
[Black "Brooke, John"]
[Result "1-0"]
[ECO "D15"]
[WhiteElo "1692"]
[BlackElo "1397"]
[PlyCount "125"]
[EventDate "2024.04.10"]
[EventType "swiss"]
[EventRounds "7"]
[EventCountry "AUS"]
[TimeControl "3600+30"]

1. d4 d5 2. c4 c6 3. Nf3 Nf6 4. Nc3 h6 5. e3 e6 6. Bd3 Bb4 7. a3 Ba5 8. b4 Bc7
9. O-O Nbd7 10. e4 Nb6 11. cxd5 exd5 12. exd5 Nbxd5 13. Re1+ Be6 14. Nxd5 Nxd5
15. Qc2 Qb8 16. Bf5 Ne7 17. Bxe6 fxe6 18. Rxe6 Kd7 19. Re2 Qf8 20. Ne5+ Bxe5
21. dxe5 Re8 22. Bb2 Kc8 23. b5 Kb8 24. bxc6 Nxc6 25. Rae1 Re6 26. Qc4 Qf7 27.
Re3 Rc8 28. Qe2 g5 29. Qf3 Qg6 30. Qe4 Qe8 31. Rf3 Rc7 32. h3 Rce7 33. Qd3 Rd7
34. Qb5 Rc7 35. Qd5 Rd7 36. Qc5 Rf7 37. Rxf7 Qxf7 38. Re3 Kc7 39. Rf3 Qg6 40.
Qc1 Qg7 41. Rf6 Qe7 42. Rxe6 Qxe6 43. Qc2 Kc8 44. Qc5 Kd7 45. Qe3 Kc7 46. f4
gxf4 47. Qxf4 Kd7 48. g4 Ke7 49. Qf5 a6 50. Qf6+ Kd7 51. Kh2 b5 52. Qf4 Ne7 53.
Qd4+ Ke8 54. Kg3 Nc6 55. Qc3 Ne7 56. h4 Ng6 57. Qd3 Kf7 58. h5 Ne7 59. Qf3+ Kg8
60. Kh4 Nc6 61. Qf6 Qc4 62. e6 Qe4 63. Qg7# 1-0

[Event "2024 Perth Chess Club Championship (Reserves)"]
[Site "Woodvale, Perth WA AUS"]
[Date "2024.04.10"]
[Round "1"]
[White "Powell, Darren"]
[Black "Browning, Thomas"]
[Result "0-1"]
[ECO "B23"]
[WhiteElo "1303"]
[BlackElo "1644"]
[PlyCount "92"]
[EventDate "2024.04.10"]
[EventType "swiss"]
[EventRounds "7"]
[EventCountry "AUS"]
[TimeControl "3600+30"]

1. e4 c5 2. Nc3 Nc6 3. Bc4 d6 4. h3 Ne5 5. Qe2 a6 6. a4 Nf6 7. d3 g6 8. Nf3
Nxc4 9. dxc4 Bg7 10. O-O e6 11. Bg5 O-O 12. Rad1 Qb6 13. b3 h6 14. Bf4 Rd8 15.
Qe3 Kh7 16. e5 Nh5 17. Bh2 f5 18. Rd3 Qc6 19. Rfd1 Bf8 20. exd6 Bd7 21. Ne5 Qc8
22. Nf7 Re8 23. Ne2 Nf6 24. f3 Bg7 25. Ne5 g5 26. f4 g4 27. Ng3 Rg8 28. Kh1
gxh3 29. Rg1 hxg2+ 30. Rxg2 b6 31. Qe2 Qb7 32. Nxd7 Qxd7 33. Nh5 Ng4 34. Nxg7
Rxg7 35. Rgg3 Rag8 36. Qg2 Nxh2 37. Kxh2 Rxg3 38. Rxg3 Rxg3 39. Qxg3 Qxd6 40.
Qe3 h5 41. Kg3 Kg6 42. Kf2 Kf6 43. Kg3 e5 44. Qc3 Qd4 45. fxe5+ Qxe5+ 46. Qxe5+
Kxe5 0-1

[Event "2024 Perth Chess Club Championship (Reserves)"]
[Site "Woodvale, Perth WA AUS"]
[Date "2024.04.10"]
[Round "1"]
[White "Akers, Gerard"]
[Black "Lanham, Bruce"]
[Result "1-0"]
[ECO "B10"]
[WhiteElo "1642"]
[BlackElo "1254"]
[PlyCount "61"]
[EventDate "2024.04.10"]
[EventType "swiss"]
[EventRounds "7"]
[EventCountry "AUS"]
[TimeControl "3600+30"]

1. e4 c6 2. Nf3 d5 3. d3 dxe4 4. Ng5 f6 5. Nxe4 e5 6. Nbc3 Be6 7. Be3 Nd7 8. a3
Qc7 9. Be2 Ne7 10. O-O Ng6 11. d4 Nb6 12. Nc5 Bf7 13. Qc1 Bxc5 14. dxc5 Nd5 15.
Ne4 O-O 16. Bd2 Rad8 17. g3 Rfe8 18. Nd6 Re7 19. Nxf7 Kxf7 20. c4 Red7 21. cxd5
cxd5 22. Bg4 Re7 23. b4 b5 24. Bh5 e4 25. Bf4 Qc6 26. Bd6 Red7 27. f4 f5 28. g4
fxg4 29. f5 Kf6 30. fxg6+ Ke6 31. Bxg4# 1-0

[Event "2024 Perth Chess Club Championship (Reserves)"]
[Site "Woodvale, Perth WA AUS"]
[Date "2024.04.10"]
[Round "1"]
[White "Gough, Sebastian"]
[Black "Garang, Kuol Awan"]
[Result "0-1"]
[ECO "D00"]
[WhiteElo "1206"]
[BlackElo "1634"]
[PlyCount "106"]
[EventDate "2024.04.10"]
[EventType "swiss"]
[EventRounds "7"]
[EventCountry "AUS"]
[TimeControl "3600+30"]

1. d4 e6 2. Bf4 d5 3. Nc3 c5 4. Nf3 Nf6 5. e3 a6 6. Be2 Bd6 7. Bg3 Nc6 8. Ne5
cxd4 9. exd4 Rb8 10. a3 b5 11. Nxc6 Qc7 12. Nxb8 Bxg3 13. hxg3 Qxb8 14. g4 b4
15. axb4 Qxb4 16. Kf1 Qxb2 17. g5 Qxc3 18. gxf6 gxf6 19. Qd3 Qxa1+ 20. Qd1
Qxd1+ 21. Bxd1 Bd7 22. Be2 Bb5 23. Rh6 Bxe2+ 24. Kxe2 Ke7 25. Rh3 Rc8 26. Kd2
Rc4 27. Kd3 e5 28. dxe5 fxe5 29. Kd2 a5 30. Re3 f6 31. Rh3 Rg4 32. Rxh7+ Ke6
33. g3 Ra4 34. Ra7 Kf5 35. Rf7 Ra2 36. g4+ Kg6 37. Ra7 e4 38. Rd7 Kg5 39. Rxd5+
Kxg4 40. Rd4 Kf3 41. Rd6 f5 42. Rd4 a4 43. Rc4 f4 44. Rb4 e3+ 45. fxe3 fxe3+
46. Kc1 e2 47. Kb1 Ra3 48. Kb2 Re3 49. Rxa4 e1=Q 50. Ra3 Qb4+ 51. Rb3 Qd4+ 52.
Kc1 Qa1+ 53. Rb1 Re1+ 0-1

[Event "2024 Perth Chess Club Championship (Reserves)"]
[Site "Woodvale, Perth WA AUS"]
[Date "2024.04.10"]
[Round "1"]
[White "Curtis, Calan"]
[Black "Owen, Geoffrey"]
[Result "1-0"]
[ECO "A40"]
[WhiteElo "1627"]
[BlackElo "1104"]
[PlyCount "89"]
[EventDate "2024.04.10"]
[EventType "swiss"]
[EventRounds "7"]
[EventCountry "AUS"]
[TimeControl "3600+30"]

1. d4 Nc6 2. Nc3 e5 3. dxe5 d6 4. exd6 Bxd6 5. Nf3 Nce7 6. Bg5 h6 7. Bh4 g5 8.
Bg3 Bg4 9. Bxd6 cxd6 10. e3 Nf6 11. Bd3 O-O 12. h3 Bf5 13. Bxf5 Nxf5 14. Qd3
Qd7 15. Rd1 a6 16. e4 Rfe8 17. O-O Ng7 18. e5 Nfh5 19. Qxd6 Qxd6 20. exd6 Red8
21. Nd5 Kf8 22. g4 Nf4 23. Nxf4 gxf4 24. a4 Ne6 25. b4 Kg7 26. c4 Rh8 27. c5
Ng5 28. Nxg5 hxg5 29. Kg2 Rh4 30. Rd3 Rah8 31. Rc1 f5 32. gxf5 g4 33. hxg4 Rh2+
34. Kf3 R2h3+ 35. Ke4 Re8+ 36. Kd4 Rhh8 37. b5 axb5 38. axb5 Kf6 39. c6 bxc6
40. bxc6 Rd8 41. d7 Rh7 42. Kc5 Re7 43. Rd6+ Kf7 44. c7 Re5+ 45. Kb6 1-0

[Event "2024 Perth Chess Club Championship (Reserves)"]
[Site "Woodvale, Perth WA AUS"]
[Date "2024.04.10"]
[Round "1"]
[White "Markou, Victor"]
[Black "Hintz, Steven"]
[Result "0-1"]
[ECO "B10"]
[WhiteElo "1003"]
[BlackElo "1581"]
[PlyCount "124"]
[EventDate "2024.04.10"]
[EventType "swiss"]
[EventRounds "7"]
[EventCountry "AUS"]
[TimeControl "3600+30"]

1. e4 c6 2. Nf3 d5 3. e5 Bf5 4. d3 e6 5. g3 Bc5 6. Bg2 Ne7 7. O-O O-O 8. Re1
Qb6 9. Re2 Nd7 10. Nc3 Qc7 11. d4 Bb6 12. Be3 c5 13. Na4 cxd4 14. Nxb6 Nxb6 15.
Nxd4 a6 16. Nxf5 Nxf5 17. Bd2 Nc4 18. Bc3 b5 19. b3 Nb6 20. Ba5 Rab8 21. Bh3
Ne7 22. Bg2 Nc6 23. Bd2 Nxe5 24. Bf4 Nbd7 25. Rc1 f6 26. c4 bxc4 27. bxc4 Qc5
28. cxd5 Qe7 29. dxe6 Nc5 30. Bxe5 fxe5 31. Qd5 Nb7 32. Rb1 Nd6 33. Rd1 Nb5 34.
Qd7 Qxd7 35. exd7 Nc3 36. Rde1 Nxe2+ 37. Rxe2 Rfd8 38. Bh3 Rb1+ 39. Kg2 Rb5 40.
Rc2 Kf7 41. Rc6 Ra5 42. Be6+ Ke7 43. Bb3 Kxd7 44. Rc3 Rc8 45. Rd3+ Kc7 46. Rc3+
Kb7 47. Rd3 Kb6 48. Rd6+ Rc6 49. Rd7 Rc7 50. Rd6+ Kc5 51. Rd5+ Kb4 52. Rd2 Re7
53. Rc2 e4 54. Rc4+ Ka3 55. Rc3 Kb2 56. Rc2+ Kb1 57. Rd2 Rae5 58. Rd6 a5 59.
Rd1+ Kb2 60. Bc4 e3 61. fxe3 Rxe3 62. Rd2+ Kc3 0-1

[Event "2024 Perth Chess Club Championship (Closed)"]
[Site "Woodvale, Perth WA AUS"]
[Date "2024.04.17"]
[Round "2"]
[White "Elkington, Derek"]
[Black "Saxon, Marc"]
[Result "0-1"]
[ECO "B34"]
[WhiteElo "1896"]
[BlackElo "2033"]
[PlyCount "116"]
[EventDate "2024.04.10"]
[EventType "tourn"]
[EventRounds "7"]
[TimeControl "5400+30"]

1. e4 c5 2. Nf3 g6 3. d4 cxd4 4. Nxd4 Nc6 5. Nc3 Bg7 6. Be3 Nf6 7. f3 Qb6 8.
Nf5 Qxb2 9. Nxg7+ Kf8 10. Na4 Qe5 11. Bh6 b5 12. Nc5 Qc3+ 13. Ke2 Kg8 14. Nb3
d5 15. Qd3 Qe5 16. Rd1 Bd7 17. Nd2 Rc8 18. a3 b4 19. f4 Bg4+ 20. Kf2 Qd4+ 21.
Qxd4 Nxd4 22. Rc1 b3 23. c4 dxe4 24. Rb1 Bd1 25. Rb2 Ng4+ 26. Ke1 Bc2 27. Bg5
Kxg7 28. Bxe7 Rhe8 29. Bb4 Rcd8 30. Bc3 Kg8 31. Bxd4 Rxd4 32. Nxb3 Rd1+ 33. Ke2
Bxb3 34. Rxb3 Red8 35. Rb2 Ra1 36. h3 Nf6 37. Rc2 Rdd1 38. g4 Re1+ 39. Kf2 e3+
40. Kg2 Ne4 41. Re2 Rxe2+ 42. Bxe2 Rxh1 43. Kxh1 Ng3+ 44. Kg2 Nxe2 45. Kf3 Nxf4
46. Kxe3 Nxh3 47. Kd4 Kf8 48. Kd5 Ke8 49. Kc6 Nf4 50. Kb7 h5 51. gxh5 gxh5 52.
Kxa7 h4 53. a4 h3 54. a5 h2 55. a6 h1=Q 56. Kb8 Qc6 57. a7 Qb6+ 58. Ka8 Ne6 0-1

[Event "2024 Perth Chess Club Championship (Closed)"]
[Site "Woodvale, Perth WA AUS"]
[Date "2024.04.17"]
[Round "2"]
[White "Spirin, Victor"]
[Black "Clarke, Daniel"]
[Result "1-0"]
[ECO "C82"]
[WhiteElo "2204"]
[BlackElo "1922"]
[PlyCount "93"]
[EventDate "2024.04.10"]
[EventType "tourn"]
[EventRounds "7"]
[TimeControl "5400+30"]

1. e4 e5 2. Nf3 Nc6 3. Bb5 a6 4. Ba4 Nf6 5. O-O Nxe4 6. d4 b5 7. Bb3 d5 8. dxe5
Be6 9. c3 Bc5 10. Nbd2 O-O 11. Bc2 Nxf2 12. Rxf2 f6 13. exf6 Bxf2+ 14. Kxf2
Qxf6 15. Kg1 Rae8 16. Nf1 Ne5 17. Be3 Nxf3+ 18. Qxf3 Qxf3 19. gxf3 Rxf3 20. Bd1
Rf7 21. Bd4 Bh3 22. Bb3 c6 23. Ne3 Rf4 24. Re1 Ref8 25. Bd1 Rf2 26. Be2 g6 27.
Bg4 Rf1+ 28. Nxf1 Bxg4 29. Re7 Rf7 30. Re8+ Rf8 31. Rxf8+ Kxf8 32. Kf2 Ke7 33.
Kg3 Bf5 34. Kf4 Ke6 35. b4 Bd3 36. Nd2 Bf5 37. Nb3 Kd6 38. Bc5+ Kd7 39. Bf8 Ke8
40. Bg7 Kf7 41. Bd4 h6 42. Na5 Bd7 43. Ke5 Ke7 44. Bc5+ Kd8 45. Kd6 g5 46.
Nxc6+ Bxc6 47. Kxc6 1-0

[Event "2024 Perth Chess Club Championship (Closed)"]
[Site "Woodvale, Perth WA AUS"]
[Date "2024.04.17"]
[Round "2"]
[White "Maris, Rob"]
[Black "Wolstencroft, Alan"]
[Result "1/2-1/2"]
[ECO "A25"]
[WhiteElo "2088"]
[BlackElo "1900"]
[PlyCount "34"]
[EventDate "2024.04.10"]
[EventType "tourn"]
[EventRounds "7"]
[TimeControl "5400+30"]

1. c4 e5 2. Nc3 Nc6 3. g3 g6 4. Bg2 Bg7 5. d3 d6 6. Rb1 a5 7. a3 Nf6 8. e3 O-O
9. Nge2 Be6 10. Nd5 Rb8 11. b4 axb4 12. axb4 Ne7 13. e4 Nd7 14. Bg5 f6 15. Be3
c6 16. Nxe7+ Qxe7 17. O-O f5 1/2-1/2

[Event "2024 Perth Chess Club Championship (Closed)"]
[Site "Woodvale, Perth WA AUS"]
[Date "2024.04.17"]
[Round "2"]
[White "Gibson, Jacob"]
[Black "Plaganyi, Gyula"]
[Result "1/2-1/2"]
[ECO "B01"]
[WhiteElo "1976"]
[BlackElo "2053"]
[BlackTitle "CM"]
[PlyCount "42"]
[EventDate "2024.04.10"]
[EventType "tourn"]
[EventRounds "7"]
[TimeControl "5400+30"]

1. e4 d5 2. exd5 Nf6 3. d4 Bg4 4. Be2 Bxe2 5. Nxe2 Qxd5 6. O-O Nc6 7. c3 e5 8.
dxe5 Qxd1 9. Rxd1 Nxe5 10. Na3 Bxa3 11. bxa3 O-O 12. Bf4 Rfe8 13. Ng3 c6 14.
Bxe5 Rxe5 15. Rd3 Rae8 16. Kf1 Rd5 17. Rad1 Red8 18. Ke2 Re8+ 19. Kf3 Red8 20.
Ke2 Re8+ 21. Kf3 Red8 1/2-1/2

[Event "2024 Perth Chess Club Championship (Reserves)"]
[Site "Woodvale, Perth WA AUS"]
[Date "2024.04.17"]
[Round "2"]
[White "De Yaak, Peter"]
[Black "Garang, Kuol Awan"]
[Result "1-0"]
[ECO "C58"]
[WhiteElo "1896"]
[BlackElo "1634"]
[PlyCount "85"]
[EventDate "2024.04.10"]
[EventType "swiss"]
[EventRounds "7"]
[TimeControl "3600+30"]

1. e4 e5 2. Nf3 Nc6 3. Bc4 Nf6 4. Ng5 d5 5. exd5 Na5 6. d3 Nxc4 7. dxc4 Be7 8.
Qe2 O-O 9. O-O Ng4 10. Nf3 Bd6 11. h3 Nf6 12. Nxe5 Re8 13. f4 Nd7 14. Qf2 Qe7
15. Nd3 Nc5 16. Qf3 Bf5 17. Nc3 a6 18. a3 Nxd3 19. cxd3 Bc5+ 20. Kh1 Rad8 21.
Bd2 Bd4 22. Rae1 Qd7 23. g4 Bg6 24. f5 Rf8 25. fxg6 fxg6 26. Qg2 c6 27. Rxf8+
Rxf8 28. Rf1 Re8 29. Qf3 Bc5 30. Ne4 Rf8 31. Qg2 Ba7 32. Rxf8+ Kxf8 33. Qf3+
Kg8 34. Bb4 Qd8 35. d6 h6 36. c5 Qd7 37. Kg2 Qe6 38. Bc3 b5 39. Qf4 Qb3 40. Qe5
Qf7 41. Qxg7+ Qxg7 42. Bxg7 Kxg7 43. d7 1-0

[Event "2024 Perth Chess Club Championship (Reserves)"]
[Site "Woodvale, Perth WA AUS"]
[Date "2024.04.17"]
[Round "2"]
[White "Hintz, Steven"]
[Black "Deng, Eric"]
[Result "0-1"]
[ECO "D35"]
[WhiteElo "1581"]
[BlackElo "1733"]
[PlyCount "64"]
[EventDate "2024.04.10"]
[EventType "swiss"]
[EventRounds "7"]
[TimeControl "3600+30"]

1. d4 Nf6 2. c4 e6 3. Nc3 d5 4. Bg5 c6 5. cxd5 exd5 6. e3 Bf5 7. Nf3 Be7 8. Bd3
Bxd3 9. Qxd3 Nbd7 10. O-O O-O 11. Nd2 h6 12. Bh4 Qc7 13. a3 Rfe8 14. Bg3 Bd6
15. Bxd6 Qxd6 16. h3 Rad8 17. Qc2 Nf8 18. Na4 Ne6 19. Nc5 Nxc5 20. Qxc5 Qxc5
21. dxc5 d4 22. exd4 Rxd4 23. Nf3 Rc4 24. b4 Rc3 25. Rfc1 Rxc1+ 26. Rxc1 Kf8
27. Nd2 Re2 28. Nc4 Ne4 29. f3 Ng3 30. Kh2 Nf5 31. Rd1 Nh4 32. Rg1 Nxf3+ 0-1

[Event "2024 Perth Chess Club Championship (Reserves)"]
[Site "Woodvale, Perth WA AUS"]
[Date "2024.04.17"]
[Round "2"]
[White "Weijermars, Tristan"]
[Black "Oswald, Franz"]
[Result "1-0"]
[ECO "D52"]
[WhiteElo "1514"]
[BlackElo "1692"]
[PlyCount "99"]
[EventDate "2024.04.10"]
[EventType "swiss"]
[EventRounds "7"]
[TimeControl "3600+30"]

1. d4 Nf6 2. c4 e6 3. Nc3 Bb4 4. Bg5 d5 5. e3 Nbd7 6. Nf3 O-O 7. Qc2 c6 8. Bd3
dxc4 9. Bxc4 Qa5 10. Bxf6 Nxf6 11. O-O Bxc3 12. bxc3 c5 13. Rab1 Qc7 14. Rb2
cxd4 15. cxd4 b6 16. Be2 Qxc2 17. Rxc2 Bd7 18. Ba6 Bc8 19. Bxc8 Raxc8 20. Rfc1
Rxc2 21. Rxc2 Ra8 22. Kf1 Kf8 23. Ke2 Nd5 24. a3 Ke8 25. g3 b5 26. Kd3 b4 27.
e4 Nf6 28. axb4 Nd7 29. Nd2 Kd8 30. Nc4 Rb8 31. Na5 Ke8 32. Rc7 a6 33. Nc6 Ra8
34. f4 Nb6 35. Rb7 Na4 36. Rb8+ Rxb8 37. Nxb8 Nb2+ 38. Kc3 Nd1+ 39. Kc4 Nb2+
40. Kc5 Nd3+ 41. Kc4 Nf2 42. e5 Ng4 43. Nxa6 Ne3+ 44. Kc5 Kd7 45. b5 Kc8 46.
Kd6 Nd5 47. Nc5 g6 48. Nd7 h5 49. b6 Ne3 50. Kc6 1-0